 Dungeon Sprint DCSS version 0.27-a0-637-g3a9f0a9c12 (webtiles) character file.

Game seed: 6478978387552928373

21236 mhtbhm the Peltast (level 12, -10/132 HPs)
             Began as a Gargoyle Fighter on Mar 14, 2021.
             Was the Champion of Trog.
             Killed from afar by Asmodeus (37 damage)
             ... with damnation
             ... in the Dungeon (Sprint VII: "The Pits").
             The game lasted 00:05:46 (2585 turns).

mhtbhm the Peltast (Gargoyle Fighter)               Turns: 2585, Time: 00:05:48

Health: -10/132    AC: 28    Str: 24    XL:     12   Next: 87%
Magic:  12/12      EV: 15    Int: 10    God:    Trog [******]
Gold:   50         SH: 15    Dex:  9    Spells: 11/11 levels left

rFire    + . .     SeeInvis .   a - +7 war axe (vorpal)
rCold    . . .     Faith    .   c - +0 kite shield
rNeg     + . .     Spirit   .   b - +7 Kryia's mail coat {PotionHeal*2 rC+}
rPois    ∞         Reflect  .   (no helmet)
rElec    +         Harm     .   p - +0 cloak
rCorr    .         Rampage  .   q - +0 pair of gloves
Will     .....     NoTele   +   (no boots)
Stlth    ..........             (no amulet)
HPRegen  0.32/turn              m - +3 ring of evasion
MPRegen  0.13/turn              B - ring of fire

@: mighty, berserking (expiring), very quick
A: AC +8, negative energy resistance 1, electricity resistance, torment
resistance 1, unbreathing 1, petrification resistance
a: Renounce Religion, Berserk, Trog's Hand, Brothers in Arms


You were in the Dungeon.
You worshipped Trog.
Trog was exalted by your worship.
You visited 1 branch You collected 50 gold pieces.

Inventory:

Hand Weapons
 a - a +7 vorpal war axe (weapon)
Missiles
 n - 6 javelins
 r - 2 throwing nets (quivered)
Armour
 b - the +7 Kryia's mail coat (worn) {PotionHeal*2 rC+}
   (You found it in the Dungeon)

   It protects you from cold.
 c - a +0 kite shield (worn)
 p - a +0 cloak (worn)
 q - a +0 pair of gloves (worn)
Jewellery
 m - a +3 ring of evasion (right hand)
 x - a ring of protection from cold
 z - a ring of protection from cold
 B - a ring of fire (left hand)
Scrolls
 j - 2 scrolls of blinking
 l - a scroll of summoning
 s - 2 scrolls of enchant weapon
 t - 2 scrolls of fear
 u - 2 scrolls of fog
 v - 3 scrolls of identify
 y - a scroll of enchant armour
Potions
 e - 9 potions of curing
 f - 18 potions of heal wounds
 g - 3 potions of haste
 h - 4 potions of magic
 i - 3 potions of berserk rage
 k - 2 potions of invisibility
 o - a potion of mutation
 w - a potion of resistance


   Skills:
 + Level 15.9 Fighting
 + Level 16.4 Axes
 + Level 13.7 Armour
 + Level 7.0 Dodging
 + Level 3.2 Stealth
 + Level 18.2 Shields


You had 11 spell levels left.
You didn't know any spells.
Your spell library was empty.

Dungeon Overview and Level Annotations

Branches:
Dungeon (1/1)

Altars:
Ashenzari
Cheibriados
Dithmenos
Elyvilon
Fedhas
Gozag
Hepliaklqana
Kikubaaqudgha
Makhleb
Nemelex Xobeh
Okawaru
Qazlal
Ru
Sif Muna
Trog
Uskayaw
Vehumet
Wu Jian
Xom
Yredelemnul
Zin
The Shining One
Beogh
Jiyva
Lugonu

Annotations:
D Asmodeus


Innate Abilities, Weirdness & Mutations

Your stone body is resilient. (AC +8)
You are immune to poison.
You resist negative energy. (rN+)
You are resistant to electric shocks. (rElec)
You are resistant to unholy torment.
You can survive without breathing.
You are immune to petrification.


Message History

Asmodeus hits your cyclops with the +7 sceptre of Asmodeus!!
You hit Asmodeus but do no damage.
Asmodeus is lightly wounded.
You are engulfed in blazing flames.
You resist.
You slice Asmodeus!!
Asmodeus is lightly wounded.
You are engulfed in blazing flames.
You resist.
Your cyclops is engulfed in blazing flames.
Your cyclops hits Asmodeus. Asmodeus gestures at you.
The bolt of fire hits you!! You resist. The bolt of fire hits your iron troll!
Your iron troll resists.
Unknown command.
You barely miss Asmodeus.
Asmodeus is lightly wounded.
You are engulfed in blazing flames.
You resist.
Unknown command.
You slash Asmodeus!
Asmodeus is moderately wounded.
You are engulfed in blazing flames.
You resist.
Your cyclops is engulfed in blazing flames.
Your cyclops hits Asmodeus!
Asmodeus shouts, "Accept thy doom, thou tasty snackling!"
Asmodeus hits you with the +7 sceptre of Asmodeus!!
* * * LOW HITPOINT WARNING * * *
You hit Asmodeus but do no damage.
Asmodeus is moderately wounded.
You are engulfed in blazing flames.
You resist.
You slash Asmodeus!
Asmodeus is moderately wounded.
You are engulfed in blazing flames.
You resist.
* * * LOW HITPOINT WARNING * * *
Unknown command.
You hit Asmodeus but do no damage.
Asmodeus is moderately wounded.
You are engulfed in blazing flames.
You resist.
* * * LOW HITPOINT WARNING * * *
Asmodeus gestures at you.
The sphere of damnation explodes!
The damnation engulfs you!!!
You die...

#+# #.# #'#
################&#
..÷............T@#
...)............C#
+##############..#
#)÷# #..# #..#
#..# #..# #..#


You could see Asmodeus (clouds, ally target), a friendly iron troll (summoned,
berserk) and a friendly cyclops (summoned, berserk).

Vanquished Creatures
  A shadow dragon (D)
  A frost giant (D)
  A ghost moth (D)
  A black draconian (D)
  A vampire knight (D)
  A blizzard demon (D)
  Josephine (D)
  Harold (D)
  A merfolk avatar (D)
  A naga warrior (D)
  An anaconda (D)
  Erica (D)
  A vampire mage (D)
  Urug (D)
  2 sea snakes (D)
  A flayed ghost (D)
  A swamp dragon (D)
  2 naga magi (D)
  2 demonic crawlers (D)
  A hellwing (D)
  A troll (D)
  A jumping spider (D)
  A blink frog (D)
  A flying skull (D)
  A spriggan (D)
  A yak (D)
  A tarantella (D)
  7 wraiths (D)
  Grum (D)
  3 soldier ants (D)
  A naga (D)
  2 water moccasins (D)
  A floating eye (D)
  A small abomination (D)
  4 wolves (D)
  A phantom (D)
  3 centaurs (D)
  A gnoll sergeant (D)
  A scorpion (D)
  8 killer bees (D)
  2 crimson imps (D)
  2 quasits (D)
  2 orc priests (D)
  An iron imp (D)
  An orc wizard (D)
  An iguana (D)
  A worker ant (D)
  A mummy (D)
  5 gnolls (D)
  A white imp (D)
  An ufetubus (D)
  A worm (D)
  3 leopard geckos (D)
  An orc (D)
  A goblin (D)
  A ball python (D)
  A bat (D)
  A kobold (D)
  2 rats (D)
93 creatures vanquished.

Vanquished Creatures (collateral kills)
  A hydra (D)
  A sun demon (D)
  A cyclops (D)
  3 blink frogs (D)
  A flying skull (D)
  5 yaks (D)
  A phantom (D)
  2 killer bees (D)
15 creatures vanquished.

Grand Total: 108 creatures vanquished

Notes
Turn   | Place    | Note
-------+----------+-------------------------------------------
     0 | D        | mhtbhm the Gargoyle Fighter began the quest for the Orb.
     0 | D        | Reached XP level 1. HP: 14/14 MP: 1/1
    19 | D        | Found a bloodstained altar of Trog.
    19 | D        | Found a shimmering blue altar of Sif Muna.
    19 | D        | Found a viscous altar of Jiyva.
    19 | D        | Found a hazy altar of Hepliaklqana.
    19 | D        | Found an opulent altar of Gozag.
    20 | D        | Found a glowing golden altar of the Shining One.
    20 | D        | Found a glowing silver altar of Zin.
    20 | D        | Found a shimmering altar of Xom.
    20 | D        | Found an ornate altar of the Wu Jian Council.
    20 | D        | Found a sacrificial altar of Ru.
    20 | D        | Found a stormy altar of Qazlal.
    20 | D        | Found an iron altar of Okawaru.
    20 | D        | Found a sparkling altar of Nemelex Xobeh.
    20 | D        | Found a burning altar of Makhleb.
    20 | D        | Found a blossoming altar of Fedhas.
    20 | D        | Found a white marble altar of Elyvilon.
    20 | D        | Found a shadowy altar of Dithmenos.
    20 | D        | Found a snail-covered altar of Cheibriados.
    23 | D        | Found a corrupted altar of Lugonu.
    23 | D        | Found a radiant altar of Vehumet.
    26 | D        | Became a worshipper of Trog the Wrathful
    65 | D        | Reached skill level 4 in Shields
    65 | D        | Reached XP level 2. HP: 20/20 MP: 2/2
    77 | D        | Reached * piety under Trog
   131 | D        | Reached ** piety under Trog
   132 | D        | Reached XP level 3. HP: 24/24 MP: 3/3
   134 | D        | Reached skill level 5 in Fighting
   134 | D        | Reached skill level 5 in Armour
   134 | D        | Reached skill level 5 in Shields
   204 | D        | Noticed a water moccasin
   204 | D        | Noticed a centaur
   204 | D        | Noticed a phantom
   213 | D        | Killed a centaur
   213 | D        | Reached *** piety under Trog
   214 | D        | Reached skill level 6 in Shields
   214 | D        | Reached XP level 4. HP: 32/32 MP: 4/4
   214 | D        | Reached XP level 5. HP: 37/37 MP: 5/5
   216 | D        | Reached skill level 1 in Dodging
   216 | D        | Reached skill level 7 in Shields
   220 | D        | Killed a water moccasin
   221 | D        | Reached skill level 5 in Axes
   221 | D        | Reached skill level 8 in Shields
   221 | D        | Reached XP level 6. HP: 36/44 MP: 6/6
   232 | D        | Reached **** piety under Trog
   303 | D        | Noticed a wraith
   309 | D        | Killed a wraith
   310 | D        | Reached skill level 9 in Shields
   310 | D        | Reached XP level 7. HP: 50/50 MP: 7/7
   362 | D        | Reached ***** piety under Trog
   369 | D        | Noticed a flayed ghost
   376 | D        | Reached skill level 10 in Shields
   401 | D        | Killed a flayed ghost
   401 | D        | Received a gift from Trog
   402 | D        | Reached skill level 11 in Shields
   402 | D        | Reached XP level 8. HP: 5/56 MP: 8/8
   708 | D        | Found a hide-covered altar of Uskayaw.
   708 | D        | Found an ancient bone altar of Kikubaaqudgha.
   708 | D        | Found a broken altar of Ashenzari.
   736 | D        | Noticed Josephine
   736 | D        | Noticed a wraith
   736 | D        | Noticed a wraith
   736 | D        | Noticed a wraith
   736 | D        | Noticed a wraith
   737 | D        | Noticed a wraith
   744 | D        | Killed a wraith
   746 | D        | Killed Josephine
   746 | D        | Killed a wraith
   747 | D        | Reached skill level 10 in Fighting
   747 | D        | Reached skill level 10 in Axes
   747 | D        | Reached skill level 10 in Armour
   747 | D        | Reached skill level 1 in Stealth
   747 | D        | Reached skill level 12 in Shields
   747 | D        | Reached XP level 9. HP: 63/63 MP: 9/9
   751 | D        | Received a gift from Trog
   794 | D        | Noticed a demonic crawler
   796 | D        | Noticed a demonic crawler
   797 | D        | Paralysed by a floating eye for 3 turns
   806 | D        | Paralysed by a floating eye for 4 turns
   814 | D        | Reached skill level 13 in Shields
   823 | D        | Killed a demonic crawler
   824 | D        | Reached XP level 10. HP: 36/69 MP: 10/10
   837 | D        | Identified the +8 hand axe "Feihopso" {vorpal, Str+3} (Trog
                  | gifted it to you in the Dungeon)
   837 | D        | Received a gift from Trog
  1126 | D        | Noticed a sea snake
  1145 | D        | Killed a sea snake
  1196 | D        | Reached ****** piety under Trog
  1199 | D        | Reached skill level 14 in Shields
  1265 | D        | Reached skill level 5 in Dodging
  1266 | D        | Killed a ghost moth
  1276 | D        | Noticed a sea snake
  1281 | D        | Noticed a six-headed hydra
  1287 | D        | Killed a sea snake
  1287 | D        | Received a gift from Trog
  1288 | D        | Reached XP level 11. HP: 66/76 MP: 3/11
  1288 | D        | Noticed a sun demon
  1289 | D        | Killed an eight-headed hydra
  1290 | D        | Reached skill level 15 in Shields
  1298 | D        | Killed a sun demon
  1298 | D        | Received a gift from Trog
  1532 | D        | Noticed a vampire knight
  1542 | D        | Killed a vampire knight
  1542 | D        | Received a gift from Trog
  1607 | D        | Noticed a swamp dragon
  1607 | D        | Noticed Harold
  1608 | D        | Noticed Erica
  1614 | D        | Reached skill level 16 in Shields
  1617 | D        | Noticed a cyclops
  1623 | D        | Killed a swamp dragon
  1630 | D        | Received a gift from Trog
  1631 | D        | Killed Harold
  1632 | D        | Killed Erica
  1633 | D        | Killed a cyclops
  1758 | D        | Found the +7 Kryia's mail coat {PotionHeal*2 rC+}
  1853 | D        | Received a gift from Trog
  1913 | D        | Noticed a vampire mage
  1913 | D        | Noticed Urug
  1917 | D        | Noticed a flayed ghost
  1924 | D        | Killed a vampire mage
  1925 | D        | Reached XP level 12. HP: 85/85 MP: 12/12
  1928 | D        | Killed Urug
  1929 | D        | Reached skill level 15 in Axes
  2066 | D        | Noticed a shadow dragon
  2090 | D        | Killed a shadow dragon
  2090 | D        | Received a gift from Trog
  2091 | D        | Reached skill level 17 in Shields
  2160 | D        | Noticed a blizzard demon
  2161 | D        | Noticed Grum
  2171 | D        | Killed a blizzard demon
  2179 | D        | Killed Grum
  2218 | D        | Noticed an anaconda
  2224 | D        | Received a gift from Trog
  2225 | D        | Reached skill level 15 in Fighting
  2228 | D        | Killed an anaconda
  2325 | D        | Noticed a merfolk avatar
  2325 | D        | Noticed a frost giant
  2325 | D        | Noticed a black draconian
  2325 | D        | Noticed a naga warrior
  2330 | D        | Killed a merfolk avatar
  2339 | D        | Killed a frost giant
  2345 | D        | Killed a black draconian
  2345 | D        | Received a gift from Trog
  2346 | D        | Reached skill level 18 in Shields
  2376 | D        | Killed a naga warrior
  2380 | D        | Got the ring "Resazure" {+Blink rElec rPois rF- EV+4}
  2572 | D        | Found the +7 sceptre of Asmodeus
  2572 | D        | Noticed Asmodeus
  2585 | D        | Killed from afar by Asmodeus

Illustrated notes

Levels and vault maps discovered:
D:        pitsprint [storerooms_1, entrance_room_1, metal_vault_4, armoury_1,
          mini_pit_1, grid_room_1, main_hall_1, silver_pit, the_coven_1,
          the_vestibule_1, steel_vault_5, golden_pit, hallway_of_sentries,
          crystal_vault_6, iron_vault_4, final_vault]

Skill      XL: |  1  2  3  4  5  6  7  8  9 10 11 12 |
---------------+-------------------------------------+-----
Fighting       | 4 6 7 8 9 10 11 12 14 15 | 15.9
Axes           | 2 3 5 7 9 10 11 13 14 16 | 16.4
Armour         | 4 6 7 8 9 10 11 12 13 | 13.7
Shields        | 4 6 8 9 11 12 13 14 16 18 | 18.2
Dodging        | 1 2 3 4 5 6 7 |  7.0
Stealth        | 1 2 3 |  3.2

Action                   |  1- 3 |  4- 6 |  7- 9 | 10-12 || total
-------------------------+-------+-------+-------+-------++-------
Melee: War axe           |     2 |       |    34 |    65 ||   101
       Hand axe          |    17 |    27 |    50 |   146 ||   240
Invok: Berserk           |     2 |     1 |     3 |    12 ||    18
       Brothers in Arms  |       |       |       |     5 ||     5
  Use: Potion            |       |       |     1 |     2 ||     3
Armor: Scale mail        |    11 |       |       |    36 ||    47
       Chain mail        |    16 |    68 |    82 |    71 ||   237
Dodge: Dodged            |    12 |    23 |    44 |    69 ||   148
Block: Kite shield       |    17 |    45 |    53 |   133 ||   248

Table legend: (Time is in decaauts)
 A = Elapsed time spent in this place.
 B = Non-inter-level travel time spent in this place.
 C = Inter-level travel time spent in this place.
 D = Time resting spent in this place.
 E = Time spent auto-exploring this place.
 F = Levels seen in this place.
 G = Mean time per level.
                   A        B        C        D        E       F      G
               +--------+--------+--------+--------+--------+-----+--------+
         Total |   2659 |   2659 |      0 |   1439 |    121 |   1 | 2659.0 |
       Dungeon |   2659 |   2659 |      0 |   1439 |    121 |   1 | 2659.0 |
               +--------+--------+--------+--------+--------+-----+--------+

Top non-repeatable levels by time:
       D: 2659 daAuts
